 Dungeon Sprint DCSS version 0.29-a0-824-gd827844252 (webtiles) character file.

Game seed: 12853414663478542597

7568 mhtbhm the Brawler (level 11, -19/64 HPs)
             Began as a Gargoyle Transmuter on July 9, 2022.
             Was an Initiate of Gozag.
             Demolished by a tyrant leech (24 damage)
             ... in the Dungeon (Sprint III: "The Ten Rune Challenge").
             The game lasted 00:06:28 (2686 turns).

mhtbhm the Brawler (Gargoyle Transmuter)            Turns: 2686, Time: 00:06:29

Health: -19/64     AC: 10    Str: 17    XL:     11   Next: 17%
Magic:  24/26      EV: 14    Int: 15    God:    Gozag
Gold:   6287       SH:  0    Dex: 10    Spells: 11/33 levels left

rFire   . . .      SeeInvis .     - Unarmed
rCold   . . .      Faith    .   (shield currently unavailable)
rNeg    + . .      Spirit   .   a - +0 robe
rPois   ∞          Reflect  .   (no helmet)
rElec   +          Harm     .   (no cloak)
rCorr   .          Rampage  .   (gloves currently unavailable)
Will    .....      NoTele   +   (no boots)
Stlth   +++.......              (no amulet)
HPRegen 0.20/turn               (no ring)
MPRegen 0.20/turn               (no ring)

@: blade hands, wereblooded
A: sickness immunity, AC +8, negative energy resistance 1, electricity
resistance, torment resistance 1, petrification resistance
a: End Transformation, Renounce Religion, Potion Petition, Call Merchant, Bribe
Branch


You were in the Dungeon.
You worshipped Gozag.
Gozag was greatly pleased with you.
You had blades for hands.
You visited 1 branch You collected 6287 gold pieces.

Inventory:

Armour
 a - a +0 robe (worn)
Wands
 h - a wand of mindburst (19)
Scrolls
 b - 2 scrolls of poison {unknown}
 g - a scroll of identify {unknown}
 k - a scroll of amnesia {unknown}
Potions
 c - a potion of curing
 f - 2 potions of magic
 i - 3 potions of flight
 j - 5 potions of mutation
Miscellaneous
 e - a phantom mirror


   Skills:
 + Level 6.3 Fighting
 + Level 7.8 Dodging
 + Level 6.3 Stealth
 + Level 16.1 Unarmed Combat
 + Level 11.7 Spellcasting
 + Level 10.1 Transmutations
 + Level 5.1 Ice Magic
 + Level 2.3 Evocations


You had 11 spell levels left.
You knew the following spells:

 Your Spells              Type           Power      Damage    Failure   Level
a - Beastly Appendage     Tmut           78%        N/A       8%          1
b - Wereblood             Tmut           39%        N/A       9%          2
c - Spider Form           Tmut/Pois      24%        N/A       26%         3
d - Ice Form              Ice/Tmut       31%        N/A       28%         4
e - Blade Hands           Tmut           19%        N/A       28%         5
f - Dragon Form           Tmut           19%        N/A       96%         7

Your spell library contained the following spells:

 Spells                   Type           Power      Damage    Failure   Level
 Irradiate                Conj/Tmut      12%        3d17      71%         5
 Freezing Cloud           Conj/Ice/Air   6%         6-21      97%         5
 Polar Vortex             Ice            12%        N/A       100%        9
 Simulacrum               Ice/Necr       Unusable   N/A       N/A         6

Dungeon Overview and Level Annotations

Branches:
Dungeon (1/1)

Altars:
Cheibriados
Dithmenos
Elyvilon
Fedhas
Gozag
Hepliaklqana
Kikubaaqudgha
Makhleb
Nemelex Xobeh
Okawaru
Qazlal
Ru
Sif Muna
Trog
Uskayaw
Vehumet
Wu Jian
Xom
Yredelemnul
Zin
The Shining One
Jiyva
Lugonu

Shops:
D =


Innate Abilities, Weirdness & Mutations

You have blades for hands.
Your spellcasting is less reliable in this form.
You are incapable of wielding weapons or throwing items.
You are immune to sickness and miasma.
Your stone body is resilient. (AC +8)
You are immune to poison.
You resist negative energy. (rN+)
You are resistant to electric shocks. (rElec)
You are resistant to unholy torment.
You are immune to petrification.


Message History

No target in view!
No target in view!
You now have 6179 gold pieces (gained 333).
There is an open door, spattered with blood here.
You enter the shallow water.
Moving in this stuff is going to be slow.
You open the door.
A redback comes into view.
You barely miss the redback. The redback closely misses you.
You barely miss the redback.
The redback bites you but does no damage.
You barely miss the redback. The redback bites you! x2
You slice the redback!!
You feel a bit better.
You kill the redback!
Your Unarmed Combat skill increases to level 16!
You now have 6215 gold pieces (gained 36).
There is an open door here.
A tyrant leech comes into view.
You howl as the wereblood boils in your veins!
You shred the tyrant leech!!! You slash the tyrant leech!
The tyrant leech is almost dead.
The tyrant leech completely misses you.
You closely miss the tyrant leech. You slash the tyrant leech.
You feel a bit better.
You kill the tyrant leech!
You now have 6287 gold pieces (gained 72).
A tyrant leech comes into view.
The tyrant leech bites you!
You closely miss the tyrant leech. You slash the tyrant leech.
The tyrant leech is lightly wounded.
You howl as the wereblood boils in your veins!
You slash the tyrant leech!
The tyrant leech is moderately wounded.
The tyrant leech bites you!!
* * * LOW HITPOINT WARNING * * *
You slash the tyrant leech!
The tyrant leech is heavily wounded.
The tyrant leech bites you!!
You die...
Your body crumbles into a pile of gold.

+♣♣'♣≈≈≈≈≈≈≈≈≈≈≈≈♣♣
#.≈♣♣♣♣♣♣♣♣♣♣♣♣♣♣♣♣
#..♣♣ ♣ ###'♣
♣♣♣♣.# ♣...## ♣♣.##
♣..# ♣♣@# ♣w# ...
#####


You could see a tyrant leech.

Vanquished Creatures
  Snorg (D)
  A centaur warrior (D)
  An orc high priest (D)
  A deep elf pyromancer (D)
  2 cane toads (D)
  2 unseen horrors (D)
  A komodo dragon (D)
  3 wandering mushrooms (D)
  A queen bee (D)
  A tyrant leech (D)
  A shadow (D)
  A redback (D)
  A spatial vortex (D)
  3 orc warriors (D)
  2 centaurs (D)
  An earth elemental (D)
  A necrophage (D)
  A water elemental (D)
  32 killer bees (D)
  A jelly (D)
  2 orc priests (D)
  A wizard (D)
  2 orc wizards (D)
  A necromancer (D)
  2 humans (D)
  A kobold demonologist (D)
  A wolf (D)
  10 orcs (D)
  An endoplasm (D)
  3 rats (D)
82 creatures vanquished.

Vanquished Creatures (collateral kills)
  A human (D)
1 creature vanquished.

Vanquished Creatures (others)
  A ballistomycete spore (D)
  2 plants (D)
3 creatures vanquished.

Grand Total: 86 creatures vanquished

Notes
Turn   | Place    | Note
-------+----------+-------------------------------------------
     0 | D        | mhtbhm the Gargoyle Transmuter began the quest for the Orb.
     0 | D        | Reached XP level 1. HP: 12/12 MP: 3/3
   180 | D        | Reached skill level 4 in Unarmed Combat
   180 | D        | Reached XP level 2. HP: 4/16 MP: 3/6
   353 | D        | Learned a level 2 spell: Wereblood
   434 | D        | Reached skill level 5 in Unarmed Combat
   434 | D        | Reached XP level 3. HP: 20/20 MP: 7/7
   619 | D        | Learned a level 3 spell: Spider Form
   624 | D        | Noticed a water elemental
   635 | D        | Killed a water elemental
   636 | D        | Reached skill level 6 in Unarmed Combat
   636 | D        | Reached XP level 4. HP: 17/25 MP: 6/10
   689 | D        | Learned a level 4 spell: Ice Form
   692 | D        | Noticed a shadow
   699 | D        | Killed a shadow
   700 | D        | Reached skill level 1 in Stealth
   700 | D        | Reached skill level 8 in Unarmed Combat
   700 | D        | Reached skill level 5 in Spellcasting
   700 | D        | Reached XP level 5. HP: 21/30 MP: 5/13
   700 | D        | Reached XP level 6. HP: 24/35 MP: 5/14
   706 | D        | Found a blossoming altar of Fedhas.
   706 | D        | Found a stormy altar of Qazlal.
   707 | D        | Found a snail-covered altar of Cheibriados.
   707 | D        | Found a burning altar of Makhleb.
   707 | D        | Found a hazy altar of Hepliaklqana.
   707 | D        | Found a shimmering altar of Xom.
   707 | D        | Found an opulent altar of Gozag.
   707 | D        | Found a sparkling altar of Nemelex Xobeh.
   707 | D        | Found a corrupted altar of Lugonu.
   707 | D        | Found a viscous altar of Jiyva.
   707 | D        | Noticed a spatial vortex
   714 | D        | Killed a spatial vortex
   715 | D        | Reached skill level 9 in Unarmed Combat
   715 | D        | Reached skill level 5 in Transmutations
   718 | D        | Became a worshipper of Gozag Ym Sagoz the Greedy
  1144 | D        | Found a shadowy altar of Dithmenos.
  1145 | D        | Found a basalt altar of Yredelemnul.
  1145 | D        | Found a sacrificial altar of Ru.
  1147 | D        | Reached skill level 1 in Ice Magic
  1147 | D        | Reached XP level 7. HP: 40/40 MP: 9/17
  1151 | D        | Found a hide-covered altar of Uskayaw.
  1151 | D        | Found an iron altar of Okawaru.
  1152 | D        | Found a bloodstained altar of Trog.
  1152 | D        | Found an ornate altar of the Wu Jian Council.
  1152 | D        | Noticed a human
  1152 | D        | Noticed a human
  1158 | D        | Killed a human
  1159 | D        | Reached skill level 10 in Unarmed Combat
  1163 | D        | Killed a human
  1231 | D        | Found a glowing silver altar of Zin.
  1232 | D        | Found a glowing golden altar of the Shining One.
  1232 | D        | Found a white marble altar of Elyvilon.
  1232 | D        | Noticed a deep elf pyromancer
  1235 | D        | Killed a deep elf pyromancer
  1236 | D        | Reached skill level 5 in Dodging
  1236 | D        | Reached skill level 11 in Unarmed Combat
  1236 | D        | Reached XP level 8. HP: 47/47 MP: 14/20
  1242 | D        | Found a radiant altar of Vehumet.
  1242 | D        | Found a shimmering blue altar of Sif Muna.
  1242 | D        | Found an ancient bone altar of Kikubaaqudgha.
  1354 | D        | Noticed Snorg
  1363 | D        | Killed Snorg
  1364 | D        | Reached skill level 12 in Unarmed Combat
  1364 | D        | Reached skill level 1 in Evocations
  1364 | D        | Reached XP level 9. HP: 44/52 MP: 15/22
  1541 | D        | Learned a level 5 spell: Blade Hands
  1549 | D        | Learned a level 7 spell: Dragon Form
  1554 | D        | Noticed a centaur warrior
  1563 | D        | Killed a centaur warrior
  1565 | D        | Reached skill level 5 in Stealth
  1565 | D        | Reached skill level 13 in Unarmed Combat
  1584 | D        | Killed an unseen horror
  1585 | D        | Reached skill level 5 in Fighting
  1597 | D        | Killed an unseen horror
  1598 | D        | Reached skill level 10 in Spellcasting
  1598 | D        | Reached skill level 5 in Ice Magic
  1821 | D        | Noticed a wandering mushroom
  1893 | D        | Noticed a wandering mushroom
  1901 | D        | Killed a wandering mushroom
  1902 | D        | Reached XP level 10. HP: 53/59 MP: 18/24
  2274 | D        | Noticed an orc high priest
  2282 | D        | Killed an orc high priest
  2283 | D        | Reached skill level 14 in Unarmed Combat
  2309 | D        | Found Duighu's Jewellery Shop.
  2525 | D        | Reached skill level 15 in Unarmed Combat
  2652 | D        | Noticed a cane toad
  2652 | D        | Noticed a cane toad
  2655 | D        | Killed a cane toad
  2656 | D        | Reached skill level 10 in Transmutations
  2656 | D        | Reached XP level 11. HP: 59/64 MP: 19/26
  2674 | D        | Reached skill level 16 in Unarmed Combat
  2686 | D        | Demolished by a tyrant leech

Illustrated notes

Levels and vault maps discovered:
D:        dungeon_sprint_mu [sprint_mu_entry_cave, sprint_mu_temple_rooms,
          sprint_mu_d1_horrors, sprint_mu_d2_genie, sprint_mu_d3_branching,
          sprint_mu_orc_legion, sprint_mu_elf_gauntlet, sprint_mu_hive_nellie,
          sprint_mu_lair_fedhas, sprint_mu_vaults_butterflies,
          sprint_mu_slime_circle, sprint_mu_shoals_archi,
          sprint_mu_snake_twists, sprint_mu_blade_basic, sprint_mu_crypt_lich,
          sprint_mu_tomb_spiral, sprint_mu_vestibule_basic,
          sprint_mu_gehenna_hellfire, sprint_mu_dis_giant,
          sprint_mu_tartarus_statrot, sprint_mu_cocytus_islands, sprint_mu_zot1]

Skill      XL: |  1  2  3  4  5  6  7  8  9 10 11 |
---------------+----------------------------------+-----
Dodging        | 2 3 4 5 6 7 |  7.8
Unarmed Combat | 4 5 6 8 9 11 12 13 15 16 | 16.1
Spellcasting   | 3 4 5 6 8 9 10 11 | 11.7
Transmutations | 2 3 4 5 7 8 10 | 10.1
Fighting       | 2 3 4 5 6 |  6.3
Stealth        | 1 3 4 5 6 |  6.3
Ice Magic      | 1 2 4 5 |  5.1
Evocations     | 1 2 |  2.3

Action                   |  1- 3 |  4- 6 |  7- 9 | 10-12 || total
-------------------------+-------+-------+-------+-------++-------
Melee: Unarmed           |    28 |    12 |    42 |   134 ||   216
       Kick              |     5 |       |       |       ||     5
       Headbutt          |     1 |       |       |       ||     1
       Punch             |       |       |     1 |     8 ||     9
 Cast: Beastly Appendage |     5 |       |       |       ||     5
       Wereblood         |     1 |     2 |     4 |     4 ||    11
       Ice Form          |       |     2 |     2 |     1 ||     5
       Blade Hands       |       |       |     3 |     7 ||    10
Evoke: Phantom mirror    |       |       |     3 |     1 ||     4
  Use: Potion            |     3 |       |     2 |       ||     5
       Scroll            |       |       |     1 |       ||     1
 Stab: Sleeping          |       |       |     1 |       ||     1
       Distracted        |       |       |       |     3 ||     3
Armor: Robe              |     2 |       |    22 |    19 ||    43
       Skin              |     5 |     1 |     4 |       ||    10
Dodge: Dodged            |     6 |     1 |    33 |    71 ||   111

Table legend: (Time is in decaauts)
 A = Elapsed time spent in this place.
 B = Non-inter-level travel time spent in this place.
 C = Inter-level travel time spent in this place.
 D = Time resting spent in this place.
 E = Time spent auto-exploring this place.
 F = Levels seen in this place.
 G = Mean time per level.
                   A        B        C        D        E       F      G
               +--------+--------+--------+--------+--------+-----+--------+
         Total |   2632 |   2632 |      0 |   1774 |     16 |   1 | 2632.0 |
       Dungeon |   2632 |   2632 |      0 |   1774 |     16 |   1 | 2632.0 |
               +--------+--------+--------+--------+--------+-----+--------+

Top non-repeatable levels by time:
       D: 2632 daAuts
